 Dungeon Crawl Stone Soup version 0.21.0-3-g78d12a8 (webtiles) character file.

182 Ignatius881 the Conjurer (level 5, -4/37 HPs)
             Began as a Gnoll Conjurer on Jan 10, 2018.
             Slain by HungrySpirit's ghost (6 damage)
             ... on level 3 of the Dungeon.
             The game lasted 00:06:20 (2569 turns).

Ignatius881 the Conjurer (Gnoll Conjurer)           Turns: 2569, Time: 00:06:20

Health: -4/37      AC:  3    Str: 10    XL:     5   Next: 61%
Magic:  1/12       EV: 15    Int: 18    God:
Gold:   106        SH:  0    Dex: 16    Spells: 3/14 levels left

rFire    . . .     SeeInvis .   o - +0 mace
rCold    . . .     Gourm    .   (no shield)
rNeg     . . .     Faith    .   a - +0 robe
rPois    .         Spirit   .   k - +0 helmet
rElec    .         Reflect  .   (no cloak)
rCorr    .         Harm     .   (no gloves)
MR       .....                  (no boots)
Stlth    +++.......             (no amulet)
HPRegen  0.12/turn              (no ring)
MPRegen  0.13/turn              (no ring)

@: lethally poisoned (-4 -> -5)
A: distributed training, fangs 1, strong nose
a: no special abilities


You were on level 3 of the Dungeon.
You were not hungry.

You visited 1 branch of the dungeon, and saw 3 of its levels.

You collected 106 gold pieces.

Inventory:

Hand Weapons
 d - a +0 club
   (You took it off a hobgoblin on level 1 of the Dungeon)
 m - a +0 falchion
   (You took it off a hobgoblin on level 2 of the Dungeon)
 o - a +0 mace (weapon)
   (You took it off an orc on level 3 of the Dungeon)
Armour
 a - a +0 robe (worn)
 k - a +0 helmet (worn)
   (You found it on level 2 of the Dungeon)
Scrolls
 g - a scroll of blinking {unknown}
 h - 3 scrolls of random uselessness {unknown}
 l - 2 scrolls of identify {unknown}
 n - a scroll of fog {unknown}
Potions
 f - 2 potions of curing {unknown}
 i - a potion of resistance {unknown}
 j - a potion of lignification {unknown}
Books
 e - a book of Conjurations
Comestibles
 c - 6 rations


   Skills:
 + Level 1.5 Fighting
 + Level 1.5 Short Blades
 + Level 1.5 Long Blades
 + Level 1.5 Axes
 + Level 1.5 Maces & Flails
 + Level 1.5 Polearms
 + Level 1.5 Staves
 + Level 1.5 Slings
 + Level 1.5 Bows
 + Level 1.5 Crossbows
 + Level 1.5 Throwing
 + Level 1.5 Armour
 + Level 4.8 Dodging
 + Level 4.4 Stealth
 + Level 1.5 Shields
 + Level 1.5 Unarmed Combat
 + Level 5.2 Spellcasting
 + Level 7.2 Conjurations
 + Level 1.2 Hexes
 + Level 1.2 Charms
 + Level 1.2 Summonings
 + Level 1.2 Necromancy
 + Level 1.2 Translocations
 + Level 1.2 Transmutations
 + Level 1.2 Fire Magic
 + Level 1.2 Ice Magic
 + Level 1.2 Air Magic
 + Level 1.2 Earth Magic
 + Level 1.2 Poison Magic
 + Level 1.7 Invocations
 + Level 1.5 Evocations


You had 3 spell levels left.
You knew the following spells:

 Your Spells              Type           Power        Failure   Level  Hunger
a - Magic Dart            Conj           ####         1%          1    None
b - Searing Ray           Conj           ####..       1%          2    #......
c - Iskenderun's Mystic   Conj           ####....     7%          4    ####...
d - Fulminant Prism       Conj/Hex       ###.......   22%         4    ####...


Dungeon Overview and Level Annotations

Branches:
Dungeon (3/15)

Altars:
Gozag
Nemelex Xobeh

Annotations:
D:3 HungrySpirit's ghost, amateur GrWn


Innate Abilities, Weirdness & Mutations

Your experience applies equally to all skills.
You have very sharp teeth.
Your uncanny sense of smell can sniff out nearby items.


Message History

The searing ray hits HungrySpirit's ghost.
The searing ray hits HungrySpirit's ghost.
HungrySpirit's ghost closely misses you.
The searing ray hits HungrySpirit's ghost.
You finish channeling your searing ray.
You feel sick. HungrySpirit's ghost barely misses you.
Aim: HungrySpirit's ghost (moderately damaged)
The searing ray hits HungrySpirit's ghost. (Press . to maintain the ray.) HungrySpirit's ghost closely misses you.
The searing ray hits HungrySpirit's ghost.
You feel sick. HungrySpirit's ghost hits you.
The searing ray hits HungrySpirit's ghost.
The kobold unwields an uncursed blowgun.
The kobold wields an uncursed short sword.
The kobold hits you with an uncursed short sword.
HungrySpirit's ghost misses you.
The searing ray misses HungrySpirit's ghost.
You finish channeling your searing ray.
The kobold hits you with an uncursed short sword.
HungrySpirit's ghost hits you.
You closely miss HungrySpirit's ghost.
You feel sick. The kobold barely misses you. HungrySpirit's ghost misses you.
You hit HungrySpirit's ghost but do no damage.
You bite HungrySpirit's ghost, but do no damage.
The kobold barely misses you.
HungrySpirit's ghost closely misses you.
The kobold unwields an uncursed short sword.
The kobold wields an uncursed blowgun.
The kobold shoots a poisoned needle.
The poisoned needle misses you.
You see here a poisoned needle.
You don't have enough magic to cast that spell.
You hit HungrySpirit's ghost but do no damage.
Your bite misses HungrySpirit's ghost. HungrySpirit's ghost barely misses you.
You hit HungrySpirit's ghost but do no damage.
You bite HungrySpirit's ghost, but do no damage.
You feel sick.
HungrySpirit's ghost whispers, "The ORB doesn't exist."
HungrySpirit's ghost misses you. HungrySpirit's ghost hits you.
* * * LOW HITPOINT WARNING * * *
You hit HungrySpirit's ghost. HungrySpirit's ghost barely misses you.
You barely miss HungrySpirit's ghost. HungrySpirit's ghost hits you!
* * * LOW HITPOINT WARNING * * *
You feel sick.
HungrySpirit's ghost wails.
HungrySpirit's ghost hits you!
* * * LOW HITPOINT WARNING * * *
There is a stone staircase leading up here.
HungrySpirit's ghost hits you.
You die...

## ## ##.#### #..
....... # ##.###.....(#
## #####...#........
.######
#.).(..........!.
......# #.#
#..@##....#.. .####.#
#.# ##..WK....... ## #.#
#.# #..##......### ..# #
#.####.####..#..........
..
#.......))..).....##.##.
.. ######..###...#...#
##.#. #..# #........
.... #..# #.#.##..##
#..# #..#
#.#.##..##.##..#


You could see HungrySpirit's ghost and a kobold.

Vanquished Creatures
  2 orc priests (D:3)
  3 adders
  2 oozes (D:1)
  4 worms (D:2)
  A dart slug (D:2)
  3 leopard geckos
  7 orcs
  5 giant cockroaches
  2 goblins (D:1)
  8 hobgoblins
  6 jackals
  8 kobolds
  4 bats
  2 frilled lizards (D:1)
  9 rats
66 creatures vanquished.

Notes
Turn   | Place    | Note
-------+----------+-------------------------------------------
     0 | D:1      | Ignatius881 the Gnoll Conjurer began the quest for the Orb.
     0 | D:1      | Reached XP level 1. HP: 13/13 MP: 6/6
   230 | D:1      | Reached XP level 2. HP: 19/19 MP: 5/7
   308 | D:1      | Learned a level 2 spell: Searing Ray
   530 | D:1      | Reached XP level 3. HP: 25/25 MP: 7/9
   603 | D:1      | Reached skill level 5 in Spellcasting
  1078 | D:2      | Reached skill level 1 in Invocations
  1281 | D:2      | Reached skill level 1 in Fighting
  1281 | D:2      | Reached skill level 1 in Short Blades
  1281 | D:2      | Reached skill level 1 in Long Blades
  1281 | D:2      | Reached skill level 1 in Axes
  1281 | D:2      | Reached skill level 1 in Maces & Flails
  1281 | D:2      | Reached skill level 1 in Polearms
  1281 | D:2      | Reached skill level 1 in Staves
  1281 | D:2      | Reached skill level 1 in Slings
  1281 | D:2      | Reached skill level 1 in Bows
  1281 | D:2      | Reached skill level 1 in Crossbows
  1281 | D:2      | Reached skill level 1 in Throwing
  1281 | D:2      | Reached skill level 1 in Armour
  1281 | D:2      | Reached skill level 1 in Shields
  1281 | D:2      | Reached skill level 1 in Unarmed Combat
  1281 | D:2      | Reached skill level 1 in Evocations
  1436 | D:2      | Reached XP level 4. HP: 32/32 MP: 3/11
  1504 | D:2      | Learned a level 4 spell: Iskenderun's Mystic Blast
  1509 | D:2      | Learned a level 4 spell: Fulminant Prism
  1955 | D:2      | Found a sparkling altar of Nemelex Xobeh.
  1956 | D:2      | Found an opulent altar of Gozag.
  1999 | D:2      | Reached skill level 1 in Hexes
  1999 | D:2      | Reached skill level 1 in Charms
  1999 | D:2      | Reached skill level 1 in Summonings
  1999 | D:2      | Reached skill level 1 in Necromancy
  1999 | D:2      | Reached skill level 1 in Translocations
  1999 | D:2      | Reached skill level 1 in Transmutations
  1999 | D:2      | Reached skill level 1 in Fire Magic
  1999 | D:2      | Reached skill level 1 in Ice Magic
  1999 | D:2      | Reached skill level 1 in Air Magic
  1999 | D:2      | Reached skill level 1 in Earth Magic
  1999 | D:2      | Reached skill level 1 in Poison Magic
  2306 | D:3      | Reached XP level 5. HP: 37/37 MP: 7/12
  2548 | D:3      | Noticed HungrySpirit's ghost (amateur GrWn)
  2568 | D:3      | HP: 1/37 [HungrySpirit's ghost (8)]
  2569 | D:3      | Slain by HungrySpirit's ghost

Skill      XL: |  1  2  3  4 |
---------------+-------------+-----
Spellcasting   | 5 |  5.2
Invocations    | 1 |  1.7
Fighting       | 1 |  1.5
Short Blades   | 1 |  1.5
Long Blades    | 1 |  1.5
Axes           | 1 |  1.5
Maces & Flails | 1 |  1.5
Polearms       | 1 |  1.5
Staves         | 1 |  1.5
Slings         | 1 |  1.5
Bows           | 1 |  1.5
Crossbows      | 1 |  1.5
Throwing       | 1 |  1.5
Armour         | 1 |  1.5
Shields        | 1 |  1.5
Unarmed Combat | 1 |  1.5
Evocations     | 1 |  1.5
Hexes          | 1 |  1.2
Charms         | 1 |  1.2
Summonings     | 1 |  1.2
Necromancy     | 1 |  1.2
Translocations | 1 |  1.2
Transmutations | 1 |  1.2
Fire Magic     | 1 |  1.2
Ice Magic      | 1 |  1.2
Air Magic      | 1 |  1.2
Earth Magic    | 1 |  1.2
Poison Magic   | 1 |  1.2
Dodging        | |  4.8
Stealth        | |  4.4
Conjurations   | |  7.2

Action                   |  1- 3 |  4- 6 || total
-------------------------+-------+-------++-------
Melee: Falchion          |       |     4 ||     4
       Punch             |       |     1 ||     1
       Mace              |       |     6 ||     6
       Bite              |       |     2 ||     2
 Cast: Magic Dart        |    71 |    60 ||   131
       Searing Ray       |     1 |     9 ||    10
  Eat: Chunk             |     1 |     4 ||     5
Armor: Robe              |       |     1 ||     1
Dodge: Dodged            |     3 |    20 ||    23
       Rpst.: Falchion   |       |     2 ||     2
